 Dungeon Crawl Stone Soup version 0.29-a0-901-g46a8461d6a (webtiles) character file.

Game seed: 1926180964932537774

37 Aviak the Cudgeller (level 3, -1/33 HPs)
             Began as a Meteoran Cinder Acolyte on July 23, 2022.
             Was a High Priest of Ignis.
             Slain by a gnoll
             ... wielding a +0 halberd
              (9 damage)
             ... on level 3 of the Dungeon.
             The game lasted 00:02:50 (625 turns).

Aviak the Cudgeller (Meteoran Cinder Acolyte)        Turns: 625, Time: 00:02:50

Health: -1/33      AC:  2    Str: 15    XL:     3   Next: 88%
Magic:  1/7        EV: 11    Int: 17    God:    Ignis [*****.]
Gold:   65         SH:  0    Dex: 10    Spells: 4/6 levels left

rFire   + . .      SeeInvis .   a - -1 mace (flame)
rCold   . . .      Faith    .   (no shield)
rNeg    . . .      Spirit   .   b - +0 robe
rPois   .          Reflect  .   (no helmet)
rElec   .          Harm     .   (no cloak)
rCorr   .          Rampage  .   (no gloves)
Will    .....                   (no boots)
Stlth   +.........              (no amulet)
HPRegen 0.11/turn               (no ring)
MPRegen 0.10/turn               (no ring)

@: very slightly contaminated, glowing
A: sense surroundings 1, otherworldly, glowing, explore regen
a: Renounce Religion, Fiery Armour, Foxfire Swarm, Rising Flame


You were on level 3 of the Dungeon.
You worshipped Ignis.
Ignis was extremely pleased with you.
You visited 1 branch of the dungeon, and saw 3 of its levels.

You collected 65 gold pieces.

Inventory:

Hand Weapons
 a - a -1 mace of flaming (weapon)
Armour
 b - a +0 robe (worn)
Wands
 m - a wand of polymorph (11)
Scrolls
 c - a scroll of vulnerability {unknown}
 d - a scroll of identify {unknown}
 j - a scroll of brand weapon {unknown}
 k - a scroll of silence {unknown}
 l - a scroll of fear {unknown}
Potions
 e - 2 potions of curing {unknown}
 f - a potion of resistance {unknown}
 g - a potion of degeneration {unknown}
 h - a potion of cancellation {unknown}
 i - 2 potions of heal wounds {unknown}


   Skills:
 + Level 3.7 Fighting
 + Level 4.5 Maces & Flails
 + Level 0.2 Dodging
 - Level 2.1 Spellcasting
 + Level 4.1 Fire Magic


You had 4 spell levels left.
You knew the following spells:

 Your Spells              Type           Power      Damage    Failure   Level
a - Scorch                Fire           30%        2d6       5%          2

Your spell library contained the following spells:

 Spells                   Type           Power      Damage    Failure   Level
 Ozocubu's Armour         Ice            1%         N/A       50%         3
 Metabolic Englaciation   Hex/Ice        0%         N/A       99%         5
 Simulacrum               Ice/Necr       0%         N/A       100%        6


Dungeon Overview and Level Annotations

Branches:
Dungeon (3/15) Zot: 1157

Altars:


Innate Abilities, Weirdness & Mutations

You passively map a small area around you.
You are easily found by Zot.
You glow in the dark.
You regain HP and MP as you explore.


Message History

The gnoll shouts! x2; You hear a shout!
The bat barely misses you.
The gnoll hits the plant with a +0 halberd!
The plant begins to die.
A gnoll comes into view. It is wielding a +0 spear.
The gnoll shouts!
The bat hits you but does no damage. The bat hits you but does no damage.
Found a robe and a club.
The bat hits you.
The gnoll hits the plant with a +0 halberd!
The plant begins to die.
The gnoll hits you with a +0 club!
You barely miss the gnoll.
A nearby plant withers and dies.
The bat hits you but does no damage. The bat closely misses you.
The bat attacks as you move away! The bat completely misses you.
The bat barely misses you. The bat hits you but does no damage.
Casting: Scorch (safe; 5% risk of failure)
Confirm with . or Enter, or press ? or * to list all spells.
Okay, then.
Casting: Scorch (safe; 5% risk of failure)
Confirm with . or Enter, or press ? or * to list all spells.
You miscast Scorch.
You are very lightly contaminated with residual magic.
Nothing appears to happen.
A nearby plant withers and dies.
The bat misses you.
The gnoll hits you from afar with a +0 halberd!
The bat hits you but does no damage. x2
Casting: Scorch (safe; 5% risk of failure)
Confirm with . or Enter, or press ? or * to list all spells.
Flames lash the gnoll.
The gnoll is severely wounded.
The gnoll's fire resistance burns away.
The bat barely misses you.
The gnoll hits you from afar with a +0 halberd.
* * * LOW HITPOINT WARNING * * *
Casting: Scorch (safe; 5% risk of failure)
Confirm with . or Enter, or press ? or * to list all spells.
Flames lash the gnoll.
The gnoll is lightly wounded.
The gnoll's fire resistance burns away.
The bat hits you but does no damage.
The gnoll hits you from afar with a +0 halberd!
You die...

....###.##...###*
* #.............
, #####.####...#*
, #.# ##.# * #.#
.. *
**########.###..#
* ........>....#
, *#######>######
* * ##b@.# * ,
#..##### * *
#####g#.......,,
* *#....g..######
, .........###
[.P...P$.# ,
)PP.P..P.# *
.PPP..P..#
,.P....PP.#


You could see 2 gnolls and a bat.

Vanquished Creatures
  An adder (D:2)
  A worm (D:2)
  An orc (D:3)
  A ball python (D:2)
  3 bats
  3 endoplasms
  2 giant cockroaches (D:2)
  A goblin (D:2)
  3 hobgoblins
  A quokka (D:3)
  A frilled lizard (D:2)
  A kobold (D:3)
  3 rats
22 creatures vanquished.

Vanquished Creatures (others)
  2 plants (D:3)
2 creatures vanquished.

Grand Total: 24 creatures vanquished

Notes
Turn   | Place    | Note
-------+----------+-------------------------------------------
     0 | D:1      | Aviak the Meteoran Cinder Acolyte began the quest for the
                  | Orb.
     0 | D:1      | Reached XP level 1. HP: 19/19 MP: 3/3
    70 | D:2      | Reached XP level 2. HP: 12/26 MP: 3/5
   476 | D:2      | Reached XP level 3. HP: 31/31 MP: 6/6
   491 | D:2      | Learned a level 2 spell: Scorch
   625 | D:3      | Slain by a gnoll

Illustrated notes

Levels and vault maps discovered:
D:1:      ebering_trefoil_twist, layout_basic,
          shapermc_ecumenical_altar_mp_urbaneastern, minmay_misc_feat_square
D:2:      layout_rooms, serial_shops, nicolae_shop_waterfront,
          kennysheep_decorative_pillar
D:3:      layout_rooms, grunt_dithmenos_smoke_and_mirrors, lemuel_round_altar,
          fedhas_altar_4, nicolae_grassy_gnolls, uniq_ijyb

Skill      XL: |  1  2  3 |
---------------+----------+-----
Spellcasting   | 2 |  2.1
Fire Magic     | 4 |  4.1
Fighting       | |  3.7
Maces & Flails | |  4.5
Dodging        | |  0.2

Action                   || total
-------------------------++-------
Melee: Mace              ||    86
 Cast: Scorch            ||     2
Armor: Robe              ||    38
Dodge: Dodged            ||    65

Table legend: (Time is in decaauts)
 A = Elapsed time spent in this place.
 B = Non-inter-level travel time spent in this place.
 C = Inter-level travel time spent in this place.
 D = Time resting spent in this place.
 E = Time spent auto-exploring this place.
 F = Levels seen in this place.
 G = Mean time per level.
                   A        B        C        D        E       F      G
               +--------+--------+--------+--------+--------+-----+--------+
         Total |    641 |    625 |     16 |    200 |     28 |   3 |  213.7 |
       Dungeon |    641 |    625 |     16 |    200 |     28 |   3 |  213.7 |
               +--------+--------+--------+--------+--------+-----+--------+

Top non-repeatable levels by time:
     D:2: 485 daAuts
     D:3: 94 daAuts
     D:1: 62 daAuts
